 Dungeon Crawl Stone Soup version 0.31-a0-507-gbafd7f5274 (webtiles) character file.

Game seed: 4894370765096899577

2715 jlumianski the Sneak (level 9, -2/62 HPs)
             Began as a Djinni Fire Elementalist on Aug 9, 2023.
             Was a Follower of Makhleb.
             Slain by a gnoll
             ... wielding a +0 halberd
              (6 damage)
             ... in a bailey on Aug 10, 2023.
             The game lasted 00:35:04 (5884 turns).

jlumianski the Sneak (Djinni Fire Elementalist)     Turns: 5884, Time: 00:35:05

Health: -2/62      AC:  3    Str:  7    XL:     9   Next: 98%
Gold:   121        EV: 14    Int: 21    God:    Makhleb [*.....] SH:  0 Dex: 14

rFire   + + +        D - +1 broad axe of the Vulture {flame, Will+ rCorr}
rCold   . . .        (no shield)
rNeg    . . .        a - +0 robe
rPois   ∞            (no helmet)
rElec   +            v - +0 cloak
rCorr   +            (no gloves)
SInv    .            (boots unavailable)
Will    +....        (no amulet)
Stlth   +++          j - ring of wizardry
HPRegen 0.30/turn    (no ring)
MPRegen 0.00/turn

%: wizardry (x1), infuse magic (-3 HP)
@: resistant, flying
A: sickness immunity, fire resistance 2, cold vulnerability 1, float, innate
caster, HP casting, extra vitality 1
a: Renounce Religion


You were in a bailey.
You worshipped Makhleb.
Makhleb was aware of your devotion.
You visited 2 branches of the dungeon, and saw 9 of its levels.
You also visited: Bailey.

You collected 301 gold pieces.
You spent 180 gold pieces at shops.

Inventory:

Hand Weapons
 d - a +0 short sword
 q - a +2 vampiric dagger
 x - a +0 short sword of protection
 y - a +0 rapier
 D - the +1 broad axe of the Vulture (weapon) {flame, Will+ rCorr}
   (You found it on level 6 of the Dungeon)

   Will+:     It increases your willpower.
   rCorr:     It protects you from acid and corrosion.
 H - a +1 short sword of protection
Missiles
 i - 6 darts of dispersal
 o - 14 boomerangs
 B - 2 throwing nets (quivered)
 E - 8 poisoned darts
Armour
 a - a +0 robe (worn)
 p - a +0 leather armour
 v - a +0 cloak (worn)
Jewellery
 j - a ring of wizardry (left hand)
 F - a ring of ice
Talismans
 l - a beast talisman
Wands
 g - a wand of paralysis (2)
 u - a wand of iceblast (8)
 C - a wand of light (11)
Scrolls
 h - 7 scrolls of teleportation
 k - a scroll of immolation {unknown}
 r - a scroll of acquirement {unknown}
 s - a scroll of vulnerability {unknown}
 t - 4 scrolls of blinking
Potions
 b - a potion of cancellation
 c - a potion of haste
 e - a potion of enlightenment
 m - a potion of might
 n - a potion of resistance
 w - a potion of degeneration
 z - a potion of brilliance
 G - a potion of attraction


   Skills:
 + Level 3.8 Fighting
 - Level 4.2 Short Blades
 * Level 2.8 Axes
 + Level 6.4 Dodging
 + Level 6.6 Stealth
 * Level 4.3 Spellcasting
 * Level 4.3 Conjurations
 * Level 4.3 Hexes
 * Level 4.3 Summonings
 * Level 4.3 Necromancy
 * Level 4.3 Translocations
 * Level 4.3 Transmutations
 * Level 4.3 Fire Magic
 * Level 4.3 Ice Magic
 * Level 4.3 Air Magic
 * Level 4.3 Earth Magic
 * Level 4.3 Poison Magic
 * Level 3.2 Invocations


You knew the following spells:

 Your Spells              Type           Power      Damage    Failure   Level
a - Foxfire               Conj/Fire      88%        2x1d8     1%          1
b - Scorch                Fire           44%        2d6       1%          2
c - Volatile Blastmotes   Fire/Tloc      44%        2d13      2%          3
d - Inner Flame           Hex/Fire       22%        N/A       2%          3
e - Flame Wave            Conj/Fire      22%        2d8       8%          4
f - Kiss of Death         Conj/Necr      88%        2d12      1%          1
g - Call Imp              Summ           44%        N/A       1%          2
h - Confusing Touch       Hex            22%        N/A       2%          3
i - Tukima's Dance        Hex            22%        N/A       2%          3
Your spell library was empty.

Dungeon Overview and Level Annotations

Branches:
Dungeon (8/15)             Temple (1/1) D:5            Lair (0/5) D:8
 Bailey (1/1)

Altars:
Ashenzari
Cheibriados
Dithmenos
Elyvilon
Fedhas
Makhleb
Nemelex Xobeh
Okawaru
Qazlal
Ru
Trog
Uskayaw
Wu Jian
Yredelemnul
Zin

Shops:
D:2 ?

Annotations:
D:7 2 runed translucent doors


Innate Abilities, Weirdness & Mutations

You are immune to sickness and miasma.
You are immune to poison.
Your flesh is very heat resistant. (rF++)
You are vulnerable to cold. (rC-)
You float through the air rather than walking.
You learn spells naturally, not from books.
Your magical power is your life essence.
You have superior vitality. (+4 MHP)


Message History

The hound misses your cerulean imp.
Your cerulean imp hits the hound with a -2 spear.
The hound barely misses your cerulean imp.
The hound bites your cerulean imp.
Your cerulean imp hits the hound with a -2 spear.
Casting: Call Imp (safe; 1% risk of failure)
Confirm with . or Enter, or press ? or * to list all spells.
Flames lash the hound.
You kill the hound!
Makhleb accepts your kill.
* * * LOW HITPOINT WARNING * * *
Your cerulean imp barely misses the gnoll.
Casting: Scorch (safe; 1% risk of failure)
Confirm with . or Enter, or press ? or * to list all spells.
Flames lash the gnoll.
The gnoll is heavily wounded.
The gnoll's fire resistance burns away.
* * * LOW HITPOINT WARNING * * *
Your cerulean imp hits the gnoll with a -2 spear.
The gnoll hits you from afar with a +0 halberd.
* * * LOW HITPOINT WARNING * * *
Casting: Scorch (safe; 1% risk of failure)
Confirm with . or Enter, or press ? or * to list all spells.
Flames lash the gnoll but do no damage.
* * * LOW HITPOINT WARNING * * *
Your cerulean imp hits the gnoll but does no damage.
The gnoll closely misses you.
The air fills with toxic fumes!
As you read the scroll of poison, it crumbles to dust.
Your cerulean imp completely misses the gnoll.
The gnoll misses you.
Throw: 2 throwing nets
Press: ? - help, Q - select action, (/) - cycle Shift-Dir - straight line, f - gnoll
Aim: a gnoll, wielding a +0 halberd and wearing a +0 chain mail (heavily wounded, more vulnerable to fire, ally target, 68% to hit)
Okay, then.
Unknown command.
Unknown command.
Your cerulean imp hits the gnoll with a -2 spear.
The gnoll hits you from afar with a +0 halberd.
You die...

...............
≈≈≈≈§§§§§§§≈≈≈≈
.....§§§§§.....
♣...§§§§§...
♣...§§§.♣ ♣§h§♣
♣♣g♣♣ ♣5♣ ♣@♣
###


You could see a hound, a gnoll (combustible, ally target) and a friendly
cerulean imp (summoned).

Vanquished Creatures
  Joseph (D:8)
  Eustachio (D:4)
  Sigmund (D:2)
  2 wyverns
  A water moccasin (D:6)
  2 ice beasts
  A black bear (D:6)
  4 ogres
  A centaur (D:7)
  2 kobold brigands (D:7)
  2 phantoms
  A bullfrog (D:6)
  An orc priest (D:6)
  3 hounds
  2 jellies
  An iron imp (D:5)
  Terence (D:3)
  Jessica (D:2)
  3 iguanas
  4 orc wizards
  8 adders
  2 ufetubi
  5 dart slugs
  17 orcs
  6 endoplasms
  4 giant cockroaches
  9 goblins
  5 hobgoblins
  3 quokkas
  6 ball pythons
  6 bats
  2 frilled lizards
  17 kobolds
  8 rats
133 creatures vanquished.

Vanquished Creatures (collateral kills)
  A kobold (D:7)
1 creature vanquished.

Vanquished Creatures (others)
  216 foxfires
216 creatures vanquished.

Grand Total: 350 creatures vanquished

Notes
Turn   | Place    | Note
-------+----------+-------------------------------------------
     0 | D:1      | jlumianski the Djinni Fire Elementalist began the quest for
                  | the Orb.
     0 | D:1      | jlumianski set off with the following spells memorised:
                  | Foxfire, Scorch, Volatile Blastmotes, Inner Flame, Flame
                  | Wave.
     0 | D:1      | Reached XP level 1. HP: 15/15 MP: 0/0
   104 | D:1      | Reached XP level 2. HP: 18/21 MP: 0/0
   502 | D:1      | Reached XP level 3. HP: 25/25 MP: 0/0
   502 | D:1      | Learned a level 1 spell: Kiss of Death
   889 | D:2      | Noticed Jessica
   912 | D:2      | Killed Jessica
   913 | D:2      | Reached XP level 4. HP: 5/31 MP: 0/0
   946 | D:2      | Noticed Sigmund
  1325 | D:2      | Found Egoosmo's Magic Scroll Shoppe.
  1330 | D:2      | Bought 2 scrolls of identify for 48 gold pieces
  1435 | D:2      | Killed Sigmund
  1436 | D:2      | Reached XP level 5. HP: 20/36 MP: 0/0
  1436 | D:2      | Learned a level 2 spell: Call Imp
  1436 | D:2      | Reached XP level 6. HP: 23/41 MP: 0/0
  1553 | D:3      | Noticed Terence
  1557 | D:3      | Killed Terence
  1833 | D:5      | Entered Level 5 of the Dungeon
  2077 | D:4      | Reached skill level 1 in Fighting
  2077 | D:4      | Reached skill level 1 in Short Blades
  2077 | D:4      | Reached XP level 7. HP: 20/47 MP: 0/0
  2077 | D:4      | Learned a level 3 spell: Confusing Touch
  2793 | D:5      | Found a staircase to the Ecumenical Temple.
  2808 | Temple   | Entered the Ecumenical Temple
  2838 | Temple   | Became a worshipper of Makhleb the Destroyer
  2877 | D:5      | Reached skill level 5 in Stealth
  3009 | D:5      | Noticed Eustachio
  3273 | D:4      | Killed Eustachio
  3274 | D:4      | Reached skill level 5 in Dodging
  3274 | D:4      | Reached XP level 8. HP: 37/54 MP: 0/0
  3491 | D:2      | Bought a scroll of teleportation for 36 gold pieces
  3491 | D:2      | Bought a scroll of teleportation for 36 gold pieces
  3491 | D:2      | Bought a scroll of identify for 24 gold pieces
  3491 | D:2      | Bought a scroll of teleportation for 36 gold pieces
  3695 | D:5      | Found a bloodstained altar of Trog.
  4171 | D:5      | Found a snail-covered altar of Cheibriados.
  4488 | D:6      | Reached XP level 9. HP: 54/61 MP: 0/0
  4488 | D:6      | Learned a level 3 spell: Tukima's Dance
  4499 | D:7      | Reached * piety under Makhleb
  4519 | D:6      | Identified the +1 broad axe of the Vulture {flame, Will+
                  | rCorr}
  4695 | D:6      | Reached skill level 1 in Invocations
  4726 | D:6      | Found an iron altar of Okawaru.
  4766 | D:6      | Reached skill level 1 in Axes
  5294 | D:7      | Found a large runed translucent door.
  5294 | D:7      | Found a large runed translucent door.
  5787 | D:8      | Noticed Joseph
  5813 | D:8      | Found a flagged portal.
  5831 | D:8      | HP: 2/62 [Joseph/+0 quarterstaff (14)]
  5838 | D:8      | Killed Joseph
  5872 | Bailey   | Entered a bailey
  5884 | Bailey   | Slain by a gnoll

Illustrated notes

Levels and vault maps discovered:
D:1:      dpeg_arrival_more_subterranean_lakeside_camping, layout_basic
D:2:      layout_rooms, serial_shops, nicolae_square_shop, uniq_sigmund,
          uniq_jessica
D:3:      layout_basic, minmay_misc_feat_hallway, uniq_terence
D:4:      layout_basic, nicolae_figureground_pulse
D:5:      layout_loops_ring, mainiacjoe_overflow_catwalk, slow_altar_1,
          temple_fountains, grunt_ministairs_5, minmay_curled_crystal,
          st_stairs_5, uniq_eustachio
D:6:      layout_cave_pods, mainiacjoe_overflow_brackets, minmay_misc_feat_cross
D:7:      layout_loops_cross, jmf_multi_god_temple2, serial_shops,
          nicolae_shop_stone, nicolae_grassy_gnolls, uniq_menkaure
D:8:      layout_cave_pools, due_lair_maze_entry_diamond, enter_bailey_6,
          the_hattery, uniq_joseph
Temple:   nicolae_temple_bog_church
Bailey:   bailey_polearm_gnolls_kennysheep, bailey

Skill      XL: |  1  2  3  4  5  6  7  8  9 |
---------------+----------------------------+-----
Spellcasting   | 4 |  4.3
Conjurations   | 4 |  4.3
Hexes          | 4 |  4.3
Summonings     | 4 |  4.3
Necromancy     | 4 |  4.3
Translocations | 4 |  4.3
Transmutations | 4 |  4.3
Fire Magic     | 4 |  4.3
Ice Magic      | 4 |  4.3
Air Magic      | 4 |  4.3
Earth Magic    | 4 |  4.3
Poison Magic   | 4 |  4.3
Stealth        | 2 3 4 5 6 |  6.6
Dodging        | 3 4 5 6 |  6.4
Fighting       | 1 2 3 |  3.8
Short Blades   | 1 2 4 |  4.2
Invocations    | 3 |  3.2
Axes           | 2 |  2.8

Action                     |  1- 3 |  4- 6 |  7- 9 || total
---------------------------+-------+-------+-------++-------
  Melee: Short sword       |     7 |     1 |       ||     8
         Dagger            |       |    28 |   138 ||   166
         Punch             |       |       |     2 ||     2
         Broad axe         |       |       |    38 ||    38
  Throw: Throwing net      |       |       |     2 ||     2
   Cast: Foxfire           |    26 |    39 |    57 ||   122
         Volatile Blastmot |     2 |     1 |    10 ||    13
         Kiss of Death     |     1 |       |       ||     1
         Scorch            |       |     5 |    36 ||    41
         Call Imp          |       |     1 |     7 ||     8
         Confusing Touch   |       |       |     4 ||     4
    Use: Scroll            |       |     3 |     7 ||    10
         Potion            |       |       |     2 ||     2
   Stab: Sleeping          |     1 |     4 |    11 ||    16
         Distracted        |       |       |     2 ||     2
         Confused          |       |       |     1 ||     1
 Armour: Robe              |     1 |     1 |    41 ||    43
  Dodge: Dodged            |    10 |    28 |   141 ||   179

Table legend: (Time is in decaauts)
 A = Elapsed time spent in this place.
 B = Non-inter-level travel time spent in this place.
 C = Inter-level travel time spent in this place.
 D = Time resting spent in this place.
 E = Time spent auto-exploring this place.
 F = Levels seen in this place.
 G = Mean time per level.
                   A        B        C        D        E       F      G
               +--------+--------+--------+--------+--------+-----+--------+
         Total |   5895 |   5662 |    233 |    450 |   3472 |  10 |  589.5 |
       Dungeon |   5822 |   5589 |    233 |    450 |   3472 |   8 |  727.8 |
        Temple |     60 |     60 |      0 |      0 |      0 |   1 |   60.0 |
        Bailey |     11 |     11 |      0 |      0 |      0 |   1 |   11.0 |
               +--------+--------+--------+--------+--------+-----+--------+

Top non-repeatable levels by time:
     D:5: 1118 daAuts
     D:6: 1079 daAuts
     D:4: 1025 daAuts
     D:2: 779 daAuts
     D:1: 770 daAuts
     D:3: 520 daAuts
     D:7: 293 daAuts
     D:8: 236 daAuts
  Temple: 60 daAuts
  Bailey: 11 daAuts
